 Dungeon Crawl Stone Soup version 0.30-a0-883-g5ad918d77d (webtiles) character file.

Game seed: 15823786024111342895

139798 Demosthentine the Unforgettable (level 16, -39/136 HPs)
             Began as a Demonspawn Gladiator on Mar 7, 2023.
             Was the Champion of Hepliaklqana.
             Killed from afar by Nikola (70 damage)
             ... with an arc of chain lightning
             ... on level 4 of the Shoals on Mar 15, 2023.
             The game lasted 00:54:25 (27581 turns).

Demosthentine the Unforgettable (DsGl)             Turns: 27581, Time: 00:54:26

Health: -39/136    AC: 23    Str: 21    XL:     16   Next: 44%
Magic:  28/28      EV: 23    Int: 17    God:    Hepliaklqana [******]
Gold:   1322       SH: 11    Dex: 23    Spells: 15/15 levels left

rFire   . . .      SeeInvis .    r - +2 demon trident (freeze)
rCold   . . .      Faith    .    b - +0 buckler of Raacafal {Str+5}
rNeg    + . .      Spirit   .    A - +2 steam dragon scales
rPois   +          Reflect  +    B - +1 helmet {Int+3}
rElec   .          Rampage  .    Q - +0 cloak {Stlth+}
rCorr   +                        u - +1 Delatra's gloves {ID++}
Will    +....                    (no boots)
Stlth   ++                       q - amulet of reflection
HPRegen 0.42/turn                c - ring of resist corrosion
MPRegen 0.21/turn                g - ring "Yvifyrat" {rPois rN+ Int+2 Dex+4 Stlth-}

@: mighty, sanguine armoured
A: reduced essence, hooves 1, demonic guardian 1, powered by pain 3, sanguine
armour 2, mutation resistance 1, robust 1
}: 1/15 runes: barnacled
a: Renounce Religion, Recall Ancestor, Ancestor Identity, Transference, Idealise


You were on level 4 of the Shoals.
You worshipped Hepliaklqana.
Hepliaklqana was exalted by your worship.
You visited 5 branches of the dungeon, and saw 27 of its levels.
You also visited: Bailey.

You collected 2951 gold pieces.
You spent 1629 gold pieces at shops.

Inventory:

Hand Weapons
 r - a +2 demon trident of freezing (weapon)
 x - a +3 antimagic trident
Missiles
 e - 8 javelins
 J - 20 silver javelins
 K - 4 throwing nets (quivered)
Armour
 b - the +0 buckler of Raacafal (worn) {Str+5}
   (You found it on level 4 of the Lair of Beasts)

   Str:       It affects your strength (+5).
 u - the +1 Delatra's gloves (worn) {ID++}
   (You found it on level 3 of the Dungeon)

   ID++:      It heals its wearer when they drink unknown potions, and restores
   their MP when they read unknown scrolls.
 A - +2 steam dragon scales (worn)
 B - a +1 helmet of intelligence (worn)
 Q - a +0 cloak of stealth (worn)
Jewellery
 a - a ring of willpower
 c - a ring of resist corrosion (left hand)
 g - the ring "Yvifyrat" (right hand) {rPois rN+ Int+2 Dex+4 Stlth-}
   (You acquired it on level 3 of the Dungeon)

   [ring of poison resistance]

   Int:       It affects your intelligence (+2).
   Dex:       It affects your dexterity (+4).
   rPois:     It protects you from poison.
   rN:        It protects you from negative energy.
   Stlth:     It makes you less stealthy.
 q - an amulet of reflection (around neck)
 v - a ring of see invisible
Wands
 m - a wand of light (20)
 s - a wand of flame (27)
 z - a wand of iceblast (25)
 C - a wand of mindburst (4)
Scrolls
 j - 4 scrolls of fear
 k - a scroll of identify
 p - 14 scrolls of teleportation
 w - 2 scrolls of summoning
 F - a scroll of enchant armour
 R - 4 scrolls of magic mapping
 S - 2 scrolls of blinking
Potions
 d - a potion of mutation
 f - 3 potions of haste
 h - 4 potions of lignification
 i - 3 potions of invisibility
 l - 11 potions of curing
 o - a potion of berserk rage
 H - 2 potions of flight
 T - a potion of resistance


   Skills:
 + Level 15.1 Fighting
 + Level 14.1 Polearms
 - Level 1.7 Throwing
 - Level 6.9 Armour
 + Level 14.1 Dodging
 - Level 5.2 Shields
 + Level 16.7 Invocations


You had 15 spell levels left.
You didn't know any spells.
Your spell library contained the following spells:

 Spells                   Type           Power      Damage    Failure   Level
 Apportation              Tloc           0%         N/A       30%         1
 Beastly Appendage        Tmut           0%         N/A       30%         1
 Foxfire                  Conj/Fire      0%         2x1d4     30%         1
 Magic Dart               Conj           0%         1d3       30%         1
 Sandblast                Erth           0%         2d4       30%         1
 Slow                     Hex            0%         N/A       30%         1
 Call Imp                 Summ           0%         N/A       41%         2
 Cigotuvi's Dreadful Rot  Necr/Pois/Air  0%         N/A       41%         2
 Ensorcelled Hibernation  Hex/Ice        0%         N/A       41%         2
 Passwall                 Tmut/Erth      0%         N/A       41%         2
 Poisonous Vapours        Pois/Air       0%         N/A       41%         2
 Scorch                   Fire           0%         2d5       41%         2
 Wereblood                Tmut           0%         N/A       41%         2
 Confusing Touch          Hex            0%         N/A       65%         3
 Frozen Ramparts          Ice            0%         1d1       65%         3
 Ignite Poison            Fire/Tmut/Pois 0%         N/A       65%         3
 Inner Flame              Hex/Fire       0%         N/A       65%         3
 Kindle Blastsparks       Fire/Tloc/Air  0%         2d10      65%         3
 Mephitic Cloud           Conj/Pois/Air  0%         N/A       65%         3
 Spider Form              Tmut/Pois      0%         N/A       65%         3
 Stone Arrow              Conj/Erth      0%         3d7       65%         3
 Summon Guardian Golem    Hex/Summ       0%         N/A       65%         3
 Vampiric Draining        Necr           0%         2d6       65%         3
 Anguish                  Hex/Necr       0%         N/A       96%         4
 Ice Form                 Ice/Tmut       0%         N/A       96%         4
 Leda's Liquefaction      Hex/Erth       0%         N/A       96%         4
 Summon Ice Beast         Ice/Summ       0%         N/A       96%         4
 Alistair's Intoxication  Tmut/Pois      0%         N/A       100%        5
 Freezing Cloud           Conj/Ice/Air   0%         6-21      100%        5
 Lee's Rapid Deconstruct  Erth           0%         3d4*      100%        5
 Summon Mana Viper        Hex/Summ       0%         N/A       100%        5
 Statue Form              Tmut/Erth      0%         N/A       100%        6
 Monstrous Menagerie      Summ           0%         N/A       100%        7
 Orb of Destruction       Conj           0%         9d5       100%        7
 Spellforged Servitor     Conj/Summ      0%         N/A       100%        7


Dungeon Overview and Level Annotations

Branches:
Dungeon (15/15)            Temple (1/1) D:5            Lair (5/5) D:11
 Shoals (4/4) Lair:3        Snake (0/4) Lair:2        Slime (0/5) Lair:4
    Orc (2/2) D:10            Elf (0/3) Orc:2        Vaults (0/5) D:13
 Depths (0/4) D:15         Bailey (visited)

Altars:
Ashenzari
Cheibriados
Dithmenos
Fedhas
Gozag
Hepliaklqana
Kikubaaqudgha
Makhleb
Nemelex Xobeh
Okawaru
Qazlal
Ru
Sif Muna
Trog
Uskayaw
Vehumet
Wu Jian
Xom
Yredelemnul
Jiyva

Shops:
D:2 (   D:12 [[:   Orc:2 ([*:   Shoals:2 [(   Shoals:3 ?[[

Portals:
Trove: D:13 (give 7 scrolls of fog)

Annotations:
D:3 2 transporters
D:14 exclusion: 2 ice statues
Shoals:4 Nikola


Innate Abilities, Weirdness & Mutations

Your life essence is reduced to manifest your ancestor. (-10% HP)
You have large cloven feet.
A weak demonic guardian rushes to your aid.
You are powered by pain.
When seriously injured, your blood forms thick armour. (AC +9)
You are somewhat resistant to further mutation.
You are robust. (+10% HP)


Message History

Aim: a merfolk, wielding a +2 heavy trident (severely wounded, about 30% to evade your +2 demon trident of freezing)
You reach to attack!
You puncture the merfolk! You freeze the merfolk.
The merfolk is almost dead.
The merfolk misses you.
Reach: r) +2 demon trident (freeze)
Press: ? - help, Dir - move target, f/p - merfolk
Aim: a merfolk, wielding a +2 heavy trident (almost dead, about 30% to evade your +2 demon trident of freezing)
You reach to attack!
You puncture the merfolk! You freeze the merfolk.
You kill the merfolk!
You hear a splash.
Reach: r) +2 demon trident (freeze)
Press: ? - help, Dir - move target, f - Nikola
Aim: Nikola, wielding a +3 rapier of electrocution, wearing a +0 cloak of stealth and wearing a +1 pair of gloves (heavily wounded, about 23% to evade your +2 demon trident of freezing)
You reach to attack!
You impale Nikola!! You freeze Nikola!
Nikola is severely wounded.
A manticore comes into view.
Reach: r) +2 demon trident (freeze)
Press: ? - help, Dir - move target, f/p - Nikola
Aim: Nikola, wielding a +3 rapier of electrocution, wearing a +0 cloak of stealth and wearing a +1 pair of gloves (severely wounded, about 23% to evade your +2 demon trident of freezing)
You reach to attack!
You closely miss Nikola.
Nikola is severely wounded.
Nikola mumbles some strange words.
Nikola blinks!
You feel better.
Unknown command.
Reach: r) +2 demon trident (freeze)
Press: ? - help, Dir - move target, f/p - Nikola
Aim: Nikola, wielding a +3 rapier of electrocution, wearing a +0 cloak of stealth and wearing a +1 pair of gloves (severely wounded, about 23% to evade your +2 demon trident of freezing)
You reach to attack!
You completely miss Nikola.
Nikola is severely wounded.
You barely miss Nikola.
Nikola is severely wounded.
You hit Nikola. You freeze Nikola. You kick Nikola!
Nikola is severely wounded.
The manticore flicks its tail.
The volley of spikes hits you but does no damage.
Nikola casts a spell.
Lightning arcs from Nikola's hands!
The bolt of lightning hits you!!!
Ouch! That really hurt!
You die...

#........~~~~~...~~~##~###~
#.......~~~~~~~~~~~~~~~~~~~
.......~~~~~~~~~~~...~~~≈≈≈
....~~~~~~~..~~~~~...~~~~~≈
..~~~~~)~~....~~~~~#~###~#~
~~~~~H~~.......~~~~#######~
~~~~~~~~.......~~###~#~#~##
~~~~~~~~~......~~~#~~~≈~~~#
##~~~~~)..@.....~~##~#~#~##
###?~~~..@.....~~##≈~~~≈##
##~~~.†.....~~###~#~#~~#
#~~~~~.....~~~#~~~≈~~~#
##~..~~.~~~~~~#~~†~#~##
#~~..~~~~~~~~~~#######~
#~...~~~~~~~~~.#~#####~
##...~~~~~~~~~.}.~~...~
~.................~.~~


You could see Nikola and a manticore.

Vanquished Creatures
  A kraken (Shoals:1)
  Gastronok (Lair:3)
  Roxanne (D:14)
  A frost giant (Shoals:4)
  An orc warlord (Orc:2)
  Nessos (D:13)
  Snorg (D:10)
  3 merfolk impalers (Shoals:4)
  A merfolk javelineer (Shoals:4)
  Josephine (D:10)
  2 fire dragons
  Harold (D:11)
  A merfolk avatar (Shoals:2)
  3 hydras
  6 centaur warriors
  2 merfolk aquamancers (Shoals:4)
  A boulder beetle (D:15)
  2 satyrs
  A two-headed ogre (D:8)
  2 tengu warriors
  7 death yaks
  An orc high priest (Orc:2)
  Sonja (Orc:2)
  4 skysharks
  Amaemon (D:8)
  3 sea snakes
  2 lindwurms (Lair:5)
  5 orc knights
  A necromancer (D:13)
  3 harpies
  A deep elf pyromancer (D:15)
  6 orc sorcerers
  6 manticores
  5 elephants
  14 ugly things (D:15)
  4 cyclopes
  2 fauns
  Maurice (D:9)
  5 merfolk sirens
  6 centaur zombies (D:12)
  3 black mambas
  2 molten gargoyles (Lair:5)
  A gargoyle (D:10)
  An orange demon (D:8)
  7 cane toads
  Maggie (D:9)
  An efreet (D:14)
  7 komodo dragons
  A rime drake (Lair:5)
  7 merfolk
  11 polar bears
  A hornet (Lair:4)
  A wind drake (Shoals:4)
  4 trolls
  4 blink frogs
  3 snapping turtles
  A meliai zombie (D:12)
  8 slime creatures
  2 vampires
  26 yaks
  2 shadows (D:12)
  9 wyverns
  6 wraiths
  A hog (D:8)
  2 steam dragons
  Grum (D:9)
  8 vampire mosquitoes
  2 nagas (Lair:2)
  2 wargs (D:10)
  2 acid dragons
  3 hell hounds (Lair:5)
  11 water moccasins
  22 orc warriors
  4 black bears (D:8)
  An ice beast (D:6)
  A sky beast (D:7)
  19 wolves
  6 ogres
  8 centaurs
  3 kobold brigands (D:7)
  10 bullfrogs
  3 scorpions
  4 gnoll sergeants
  3 wights (D:8)
  11 killer bees
  3 howler monkeys (D:11)
  4 lava snakes (Lair:5)
  A gnoll bouda (D:8)
  6 hounds
  9 jellies
  14 orc priests
  6 iguanas
  Crazy Yiuf (D:3)
  Ijyb (D:3)
  15 orc wizards
  21 gnolls
  5 adders
  A shadow imp (D:7)
  3 worms
  4 dart slugs (D:1)
  42 orcs
  6 bats
  10 endoplasms
  4 giant cockroaches
  7 goblins
  5 hobgoblins
  18 kobolds
  5 quokkas
  8 ball pythons
  4 frilled lizards
  3 rats
  A spectral goblin (D:1)
  3 tentacles (Shoals:1)
557 creatures vanquished.

Vanquished Creatures (collateral kills)
  Rupert (D:13)
  Polyphemus (Shoals:3)
  An orc warlord (Orc:1)
  A merfolk impaler (Shoals:4)
  A centaur warrior (D:10)
  A hydra (D:15)
  2 merfolk avatars (Shoals:1)
  An alligator snapping turtle (Shoals:4)
  A boulder beetle (D:11)
  A merfolk aquamancer (Shoals:2)
  2 death yaks (Shoals:3)
  A catoblepas (Shoals:3)
  3 two-headed ogres
  Urug (Lair:2)
  4 skysharks
  2 harpies (Shoals:3)
  An orc knight (Orc:2)
  5 fauns
  3 orc sorcerers
  A shining eye (shapeshifter) (D:13)
  5 ugly things
  2 black mambas
  3 merfolk sirens
  3 centaur zombies (D:12)
  4 elephants
  4 cane toads
  A molten gargoyle (Lair:5)
  5 komodo dragons
  A troll (Orc:1)
  A merfolk (Shoals:3)
  A wind drake (Shoals:3)
  2 snapping turtles
  5 blink frogs
  9 slime creatures
  2 shadows
  11 yaks
  2 vampires (D:12)
  2 wyverns
  2 wraiths (D:12)
  8 water elementals
  A basilisk (Lair:2)
  A steam dragon (Lair:5)
  A vampire mosquito (D:11)
  A warg (D:10)
  4 water moccasins
  12 orc warriors
  An ice beast (D:8)
  A black bear (Lair:3)
  An ogre (Orc:1)
  5 wolves
  5 centaurs
  3 bullfrogs
  3 killer bees
  A lava snake (Lair:5)
  6 orc priests
  A gnoll bouda (Lair:5)
  5 orc wizards
  8 gnolls
  19 orcs
  An endoplasm (Lair:4)
  2 goblins (D:10)
  A hobgoblin (D:10)
  3 kobolds (D:7)
193 creatures vanquished.

Vanquished Creatures (others)
  A merfolk aquamancer (Shoals:3)
  A hell hound (Lair:5)
  An orc warrior (Orc:2)
  27 hexers
  3 ancestors
  An orc (Orc:2)
  29 fungi
  43 plants
  9 tentacles
115 creatures vanquished.

Grand Total: 865 creatures vanquished

Notes
Turn   | Place    | Note
-------+----------+-------------------------------------------
     0 | D:1      | Demosthentine the Demonspawn Gladiator began the quest for
                  | the Orb.
     0 | D:1      | Reached XP level 1. HP: 16/16 MP: 1/1
   191 | D:1      | Found a faded altar of an unknown god.
   214 | D:1      | Gained mutation: You have large cloven feet. [demonic
                  | ancestry]
   214 | D:1      | Reached XP level 2. HP: 10/22 MP: 2/2
   286 | D:1      | Reached skill level 1 in Armour
   488 | D:1      | Reached XP level 3. HP: 28/28 MP: 3/3
   849 | D:1      | Identified a scroll of acquirement
   849 | D:1      | Acquired 495 gold pieces
   959 | D:2      | Found Jato's Weapon Shoppe.
  1168 | D:2      | Gained mutation: When seriously injured, your blood forms
                  | armour. (AC +9) [demonic ancestry]
  1168 | D:2      | Reached XP level 4. HP: 34/34 MP: 4/4
  1559 | D:2      | Found a basalt altar of Yredelemnul.
  1656 | D:3      | Found a transporter.
  1664 | D:3      | Noticed a kobold demonologist
  1793 | D:3      | Found a broken altar of Ashenzari.
  1897 | D:3      | Noticed Ijyb
  1912 | D:3      | Killed Ijyb
  1913 | D:3      | Reached XP level 5. HP: 29/41 MP: 5/5
  1936 | D:3      | Identified the amulet "Tozi" {Acrobat Int+3}
  1943 | D:3      | Found a sparkling altar of Nemelex Xobeh.
  1976 | D:3      | Found a transporter.
  2135 | D:3      | Found a runed translucent door.
  2136 | D:3      | Noticed Crazy Yiuf
  2215 | D:3      | Found the +1 Delatra's gloves {ID++}
  2439 | D:3      | Killed Crazy Yiuf
  2444 | D:3      | Acquired the ring "Yvifyrat" {rPois rN+ Int+2 Dex+4 Stlth-}
  2657 | D:4      | Gained mutation: You sometimes gain a little power by
                  | taking damage. [demonic ancestry]
  2657 | D:4      | Reached XP level 6. HP: 47/47 MP: 6/6
  3001 | D:5      | Entered Level 5 of the Dungeon
  3013 | D:5      | Found a staircase to the Ecumenical Temple.
  3024 | Temple   | Entered the Ecumenical Temple
  3268 | Temple   | Became a worshipper of Hepliaklqana the Forgotten
  3778 | D:5      | Reached XP level 7. HP: 48/54 MP: 7/7
  4340 | D:6      | Reached skill level 5 in Polearms
  4348 | D:6      | Reached skill level 5 in Dodging
  4348 | D:6      | Reached XP level 8. HP: 56/61 MP: 8/8
  4417 | D:6      | Reached skill level 5 in Fighting
  4792 | D:7      | Reached * piety under Hepliaklqana
  4795 | D:7      | Noticed a slime creature
  4807 | D:7      | Killed a slime creature
  4838 | D:7      | Noticed a slime creature
  4840 | D:7      | Noticed a slime creature
  4843 | D:7      | Noticed a slime creature
  4845 | D:7      | Killed a slime creature
  4851 | D:7      | Killed a slime creature
  4852 | D:7      | Reached skill level 5 in Armour
  4857 | D:7      | Killed a slime creature
  4998 | D:7      | Reached XP level 9. HP: 41/62 MP: 9/9
  5961 | D:8      | Found a huge runed translucent gate.
  5961 | D:8      | Found a huge runed translucent gate.
  5962 | D:8      | Found a huge runed translucent gate.
  5962 | D:8      | Noticed a polar bear
  5962 | D:8      | Noticed a polar bear
  5963 | D:8      | Noticed a polar bear
  5963 | D:8      | Found a huge runed translucent gate.
  5963 | D:8      | Noticed a polar bear
  5963 | D:8      | Noticed a polar bear
  5963 | D:8      | Noticed a polar bear
  5963 | D:8      | Noticed a polar bear
  5964 | D:8      | Noticed a polar bear
  5994 | D:8      | Noticed Amaemon
  5994 | D:8      | Noticed an orange demon
  6037 | D:8      | Killed Amaemon
  6039 | D:8      | Killed an orange demon
  6119 | D:8      | Noticed a two-headed ogre
  6142 | D:8      | Reached XP level 10. HP: 66/71 MP: 10/10
  6169 | D:8      | Killed a two-headed ogre
  6492 | D:8      | Found a shimmering altar of Xom.
  6492 | D:8      | Found a shimmering altar of Xom.
  6494 | D:8      | Found a shimmering altar of Xom.
  6494 | D:8      | Found a shimmering altar of Xom.
  6494 | D:8      | Found a shimmering altar of Xom.
  6623 | D:8      | Found a shimmering altar of Xom.
  6623 | D:8      | Found a shimmering altar of Xom.
  7083 | D:8      | Reached skill level 1 in Invocations
  7086 | D:8      | Reached skill level 1 in Shields
  7093 | D:8      | Reached skill level 2 in Invocations
  7122 | D:8      | Reached skill level 3 in Invocations
  7147 | D:8      | Reached skill level 4 in Invocations
  7187 | D:9      | Noticed a two-headed ogre
  7192 | D:9      | Killed a two-headed ogre
  7193 | D:9      | Reached XP level 11. HP: 68/78 MP: 14/14
  7197 | D:9      | Noticed Maurice
  7508 | D:9      | Killed Maurice
  7509 | D:9      | Reached skill level 5 in Invocations
  7629 | D:9      | Noticed Grum
  7633 | D:9      | Noticed Maggie
  7645 | D:9      | Killed Maggie
  7658 | D:9      | Killed Grum
  8029 | D:9      | Reached ** piety under Hepliaklqana
  8030 | D:9      | Remembered your ancestor Xiloxoch as a hexer
  8249 | D:9      | Found a shimmering blue altar of Sif Muna.
  8250 | D:9      | Found an ancient bone altar of Kikubaaqudgha.
  8250 | D:9      | Found a radiant altar of Vehumet.
  8257 | D:9      | Got Vehumet's Cyclopedia of Energy
  8299 | D:10     | Entered Level 10 of the Dungeon
  8299 | D:10     | Noticed Snorg
  8305 | D:10     | Killed Snorg
  8307 | D:10     | Noticed a centaur warrior
  8315 | D:10     | Killed a centaur warrior
  8316 | D:10     | Reached skill level 6 in Invocations
  8497 | D:10     | Found a staircase to the Orcish Mines.
  8602 | D:10     | Found a stormy altar of Qazlal.
  8653 | D:10     | Found a flagged portal.
  8663 | Bailey   | Entered a bailey
  9099 | Bailey   | Got Sif Muna's Omnibus of Anthracomancy
  9100 | Bailey   | Noticed an orc knight
  9118 | Bailey   | Killed an orc knight
  9302 | D:10     | Noticed Josephine
  9315 | D:10     | Reached skill level 7 in Invocations
  9681 | D:10     | Killed Josephine
  9682 | D:10     | Reached skill level 5 in Shields
  9682 | D:10     | Gained mutation: A weak demonic guardian rushes to your
                  | aid. [demonic ancestry]
  9682 | D:10     | Reached XP level 12. HP: 76/86 MP: 17/17
  9965 | D:10     | Reached *** piety under Hepliaklqana
 10109 | D:11     | Noticed a boulder beetle
 10129 | D:11     | Killed a boulder beetle
 10130 | D:11     | Reached skill level 10 in Fighting
 10184 | D:11     | Noticed Harold
 10216 | D:11     | Killed Harold
 10217 | D:11     | Reached skill level 8 in Invocations
 10578 | D:11     | Noticed a two-headed ogre
 10584 | D:11     | Killed a two-headed ogre
 11065 | D:11     | Found a staircase to the Lair.
 11087 | D:11     | Noticed a tengu warrior
 11098 | D:11     | Killed a tengu warrior
 11099 | D:11     | Reached skill level 9 in Invocations
 11204 | D:12     | Reached skill level 10 in Polearms
 11242 | D:12     | Reached skill level 10 in Dodging
 11347 | D:12     | Upgraded the game from 0.30-a0-860-g512cf1e979 to
                  | 0.30-a0-862-g1aabd4f9c5
 11642 | D:12     | Found Jeseiwau's Book Shoppe.
 11764 | D:12     | Reached **** piety under Hepliaklqana
 11934 | D:12     | Found Nusaekk's Antique Armour Emporium.
 11956 | D:12     | Gained mutation: You sometimes gain power by taking damage.
                  | [demonic ancestry]
 11956 | D:12     | Reached XP level 13. HP: 95/95 MP: 20/20
 11966 | D:12     | Reached skill level 10 in Invocations
 12226 | D:12     | Found Ufurr's Antique Armour Shop.
 12232 | D:12     | Bought a runed scarf for 216 gold pieces
 12312 | D:12     | Found a shimmering blue altar of Sif Muna.
 12683 | D:13     | Found a portal to a secret trove of treasure.
 12860 | D:13     | Found a gate to the Vaults.
 12909 | D:13     | Noticed Rupert
 12912 | D:13     | Paralysed by Rupert for 5 turns
 12923 | D:13     | Killed Rupert
 13176 | D:13     | Gained mutation: You occasionally shout uncontrollably at
                  | your foes. [a shining eye]
 13182 | D:13     | Reached skill level 11 in Invocations
 13188 | D:13     | Noticed Nessos
 13196 | D:13     | Killed Nessos
 13670 | D:14     | Reached ***** piety under Hepliaklqana
 13733 | D:14     | Found a frozen archway.
 14112 | D:14     | Noticed Roxanne
 14141 | D:14     | Killed Roxanne
 14514 | D:15     | Entered Level 15 of the Dungeon
 14688 | D:15     | Paralysed by an orc sorcerer for 4 turns
 14829 | D:15     | Reached skill level 12 in Invocations
 15301 | D:15     | Gained mutation: When seriously injured, your blood forms
                  | thick armour. (AC +9) [demonic ancestry]
 15301 | D:15     | Reached XP level 14. HP: 75/103 MP: 23/23
 15518 | D:15     | Found an iron altar of Okawaru.
 16089 | D:15     | Found a staircase to the Depths.
 16358 | Lair:1   | Entered Level 1 of the Lair of Beasts
 17244 | Lair:2   | Identified the +7 falchion "Wabioc" {drain, Str+4}
 17299 | Lair:2   | Reached skill level 13 in Invocations
 17398 | Lair:2   | Noticed Urug
 17408 | Lair:2   | Paralysed by Urug for 2 turns
 17416 | Lair:2   | Killed Urug
 17579 | Lair:2   | Reached ****** piety under Hepliaklqana
 17745 | Lair:2   | Found a staircase to the Snake Pit.
 17979 | Lair:3   | Found a staircase to the Shoals.
 18174 | Lair:3   | Identified the +8 dagger of Amorality {venom, Will+ Int+3}
 18370 | Lair:3   | Noticed Gastronok
 18388 | Lair:3   | Killed Gastronok
 18658 | Lair:3   | You fall into a shaft and drop 2 floors!
 18658 | Lair:5   | Entered Level 5 of the Lair of Beasts
 19372 | Lair:4   | Found a staircase to the Slime Pits.
 19374 | Lair:4   | Found a viscous altar of Jiyva.
 19486 | Lair:4   | Reached skill level 14 in Invocations
 19731 | Lair:4   | Identified the +7 falchion "Pioriun" {vamp, +Blink rF-
                  | Str+3}
 19746 | Lair:4   | Identified the +0 buckler of Raacafal {Str+5}
 19917 | Lair:4   | Reached XP level 15. HP: 111/111 MP: 25/25
 21079 | Lair:5   | Found a large runed translucent door.
 21079 | Lair:5   | Found a large runed translucent door.
 21660 | Lair:1   | Lost mutation: You occasionally shout uncontrollably at
                  | your foes. [potion of mutation]
 21660 | Lair:1   | Gained mutation: Your spells are a little easier to cast,
                  | but a little less powerful. [potion of mutation]
 21660 | Lair:1   | Gained mutation: You are dopey. (Int -2) [potion of
                  | mutation]
 21660 | Lair:1   | Lost mutation: You are dopey. (Int -2) [potion of mutation]
 21715 | Orc:1    | Entered Level 1 of the Orcish Mines
 22145 | Orc:2    | Entered Level 2 of the Orcish Mines
 22152 | Orc:2    | Noticed Sonja
 22369 | Orc:1    | Reached skill level 15 in Invocations
 22384 | Orc:2    | Killed Sonja
 22652 | Orc:2    | Found a staircase to the Elven Halls.
 22684 | Orc:2    | Gained mutation: You are weak. (Str -2) [a neqoxec]
 22686 | Orc:2    | Gained mutation: You are vulnerable to cold. (rC-) [a
                  | neqoxec]
 23191 | Orc:2    | Found Nocvum's General Store.
 23198 | Orc:2    | Bought a potion of curing for 45 gold pieces
 23198 | Orc:2    | Bought a scroll of fear for 60 gold pieces
 23198 | Orc:2    | Bought a potion of curing for 45 gold pieces
 23198 | Orc:2    | Bought the +7 whip of Earthquakes {venom, rPois Int+3
                  | Dex+4} for 958 gold pieces
 23206 | Orc:2    | Found Deodasoa's Book Emporium.
 23333 | Orc:2    | Found Vennoal's Antique Weapon Emporium.
 23379 | Orc:2    | Found Koisaeral's Antique Armour Emporium.
 23525 | Orc:2    | Lost mutation: You are vulnerable to cold. (rC-) [potion of
                  | mutation]
 23525 | Orc:2    | Lost mutation: Your spells are a little easier to cast, but
                  | a little less powerful. [potion of mutation]
 23525 | Orc:2    | Gained mutation: You are very weak. (Str -4) [potion of
                  | mutation]
 23525 | Orc:2    | Gained mutation: You are somewhat resistant to further
                  | mutation. [potion of mutation]
 23526 | Orc:2    | Lost mutation: You are very weak. (Str -4) [potion of
                  | mutation]
 23526 | Orc:2    | Lost mutation: You are weak. (Str -2) [potion of mutation]
 23526 | Orc:2    | Gained mutation: You are robust. (+10% HP) [potion of
                  | mutation]
 23772 | Shoals:1 | Entered Level 1 of the Shoals
 24018 | Shoals:1 | Noticed a kraken
 24057 | Shoals:1 | Killed a kraken
 24682 | Shoals:2 | Found Opeogant's Antique Weapon Shop.
 24942 | Shoals:2 | Bought a glowing trident for 227 gold pieces
 25717 | Shoals:2 | Found Sasch's Armour Emporium.
 25783 | Shoals:3 | Gained mutation: You are powered by pain. [demonic
                  | ancestry]
 25783 | Shoals:3 | Reached XP level 16. HP: 114/134 MP: 27/27
 25882 | Shoals:2 | Reached skill level 16 in Invocations
 26104 | Shoals:3 | Noticed a kraken
 26104 | Shoals:3 | Noticed a kraken
 26104 | Shoals:3 | Noticed a kraken
 26104 | Shoals:3 | Noticed a kraken
 26105 | Shoals:3 | Upgraded the game from 0.30-a0-862-g1aabd4f9c5 to
                  | 0.30-a0-883-g5ad918d77d
 26188 | Shoals:3 | Found Qajickej's Armour Shoppe.
 26347 | Shoals:3 | Noticed Polyphemus
 26378 | Shoals:3 | Killed Polyphemus
 26798 | Shoals:3 | Found Aqogi's Magic Scroll Shoppe.
 26873 | Shoals:3 | Bought a scroll of teleportation for 39 gold pieces
 26873 | Shoals:3 | Bought a scroll of teleportation for 39 gold pieces
 26935 | Shoals:3 | Found Alak's Antique Armour Shop.
 27121 | Shoals:4 | Entered Level 4 of the Shoals
 27256 | Shoals:4 | Reached skill level 15 in Fighting
 27301 | Shoals:4 | Got a barnacled rune of Zot
 27553 | Shoals:4 | Noticed Nikola
 27581 | Shoals:4 | Killed from afar by Nikola

Illustrated notes

Levels and vault maps discovered:
D:1:      elethiomel_arrival_fortress_basement, layout_basic,
          dreamdust_ecumenical_altar_drowned_temple
D:2:      layout_basic, serial_shops, nicolae_shop_bloodbath_and_beyond,
          basic_altar
D:3:      gammafunk_wand_slinger, layout_loops_ring, nemelex_spade_bored_becter,
          ashenzari_altar_1, uniq_ijyb, uniq_crazy_yiuf_cottage
D:4:      layout_basic, kennysheep_generic_room_12
D:5:      layout_rooms, minmay_temple_entry_large_hall
D:6:      layout_basic
D:7:      layout_cave_pools
D:8:      lemuel_bear_cage, layout_basic, xom_redecorated, uniq_amaemon
D:9:      layout_rooms, grunt_temple_overflow_magic_moments, uniq_grum,
          uniq_maggie, uniq_maurice
D:10:     layout_gridville, grunt_qazlal_clouds, minmay_orc_entry_guard_dogs,
          enter_bailey_4, uniq_snorg, uniq_josephine
D:11:     layout_stronghold, grunt_lair_entry_orc_guard_hut, uniq_harold
D:12:     layout_long_grid, serial_undead, serial_undead_c, serial_undead_e,
          serial_undead_d, serial_undead_d, serial_shops,
          nicolae_shop_statue_plus, kennysheep_little_box,
          nicolae_shop_window_shopping, tgw_sif
D:13:     layout_loops_ring, david_vaults_1, nicolae_trove_entry_free_sample,
          uniq_rupert, uniq_nessos
D:14:     layout_basic, nrook_mini_backslash,
          portal_ice_cave_entry_ice_statue_two, minivault_5, nicolae_sextant,
          uniq_roxanne
D:15:     grunt_enter_depths_hoard, layout_irregular_city, serial_column_ruins,
          column_ruins_columns_straight, column_ruins_columns_dead_end,
          column_ruins_grid_3, column_ruins_columns_straight,
          column_ruins_grid_1, column_ruins_open_tiny, okawaru_metal_pillars_1_2
Temple:   regret_index_temple_generic_petals
Lair:1:   layout_regular_city
Lair:2:   layout_chaotic_city, minmay_snake_entry_guardpost_small,
          beast_lair_carwin_4, uniq_urug
Lair:3:   layout_regular_city, minmay_shoals_entry_lonely_mermaid,
          beast_lair_carwin_8, uniq_gastronok
Lair:4:   layout_regular_city, nicolae_slime_entry_slimehenge
Lair:5:   cheibrodos_lair_end_hotspot, layout_cave_pods,
          dreamdust_gnoll_shepherd, lemuel_fruit_tree
Shoals:1: layout_shoals
Shoals:2: layout_shoals, serial_shops, shop, nicolae_stop_n_shop_1
Shoals:3: layout_shoals, serial_shops, nicolae_shop_stone,
          nicolae_shop_window_shopping, nicolae_shop_waterfront,
          nicolae_shoals_kraken_party, uniq_polyphemus
Shoals:4: shoals_end_grunt_ice, layout_shoals, shoals_ilsuiw_alternative,
          nicolae_shop_clearance, uniq_nikola, uniq_mara
Orc:1:    layout_diamond_mine
Orc:2:    grunt_orc_cross, layout_caves, uniq_sonja

Skill      XL: |  1  2  3  4  5  6  7  8  9 10 11 12 13 14 15 16 |
---------------+-------------------------------------------------+-----
Armour         | 1 2 3 4 5 6 |  6.9
Polearms       | 3 4 5 6 7 8 9 10 11 12 13 14 | 14.1
Dodging        | 3 4 5 6 7 8 9 10 11 12 13 14 | 14.1
Fighting       | 3 4 6 7 8 9 11 12 13 14 15 | 15.1
Invocations    | 4 7 9 12 14 15 16 | 16.7
Shields        | 3 5 |  5.2
Throwing       | |  1.7

Action                     |  1- 3 |  4- 6 |  7- 9 | 10-12 | 13-15 | 16-18 || total
---------------------------+-------+-------+-------+-------+-------+-------++-------
  Melee: Trident           |    95 |   227 |   261 |   833 |  1884 |   265 ||  3565
         Kick              |     9 |    58 |    64 |   276 |   762 |    58 ||  1227
         Punch             |     1 |       |     3 |     7 |       |       ||    11
         Demon trident     |       |       |       |       |       |    36 ||    36
  Throw: Throwing net      |       |     1 |     3 |     1 |     4 |       ||     9
 Invoke: Ancestor Life: He |       |       |       |     1 |       |       ||     1
         Recall Ancestor   |       |       |       |       |     1 |       ||     1
         Idealise          |       |       |       |       |     1 |       ||     1
    Use: Scroll            |     2 |     7 |     6 |     7 |     8 |     1 ||    31
         Potion            |       |     1 |     2 |    10 |     6 |     4 ||    23
   Stab: Sleeping          |     2 |     3 |       |       |     3 |       ||     8
         Held in net/web   |       |     1 |     4 |     2 |     2 |       ||     9
         Distracted        |       |       |     1 |    18 |    37 |     8 ||    64
         Confused          |       |       |       |    26 |    50 |     6 ||    82
         Paralysed         |       |       |       |       |    51 |    19 ||    70
         Petrified         |       |       |       |       |       |     9 ||     9
 Armour: Leather armour    |    24 |    60 |    74 |    65 |       |       ||   223
         Steam dragon scal |       |       |       |    87 |   300 |    47 ||   434
  Dodge: Dodged            |    40 |   114 |   135 |   602 |  1033 |   121 ||  2045
  Block: Other             |       |    14 |    56 |   133 |       |       ||   203
         Reflection        |       |       |     7 |    23 |    28 |    16 ||    74
         Buckler           |       |       |       |    90 |   534 |    84 ||   708

Table legend: (Time is in decaauts)
 A = Elapsed time spent in this place.
 B = Non-inter-level travel time spent in this place.
 C = Inter-level travel time spent in this place.
 D = Time resting spent in this place.
 E = Time spent auto-exploring this place.
 F = Levels seen in this place.
 G = Mean time per level.
                   A        B        C        D        E       F      G
               +--------+--------+--------+--------+--------+-----+--------+
         Total |  27151 |  25706 |   1445 |   1257 |  18726 |  28 |  969.7 |
       Dungeon |  15702 |  14944 |    758 |    779 |  11017 |  15 | 1046.8 |
        Temple |    261 |    232 |     29 |      0 |    210 |   1 |  261.0 |
          Lair |   5211 |   4867 |    344 |     17 |   3691 |   5 | 1042.2 |
        Shoals |   3850 |   3695 |    155 |    461 |   2364 |   4 |  962.5 |
  Orcish Mines |   1669 |   1511 |    158 |      0 |   1142 |   2 |  834.5 |
        Bailey |    455 |    455 |      0 |      0 |    301 |   1 |  455.0 |
               +--------+--------+--------+--------+--------+-----+--------+

Top non-repeatable levels by time:
     D:8: 1784 daAuts
    D:15: 1692 daAuts
Shoals:2: 1570 daAuts
    D:10: 1388 daAuts
    D:12: 1372 daAuts
  Lair:5: 1316 daAuts
    D:11: 1267 daAuts
Shoals:1: 1142 daAuts
  Lair:3: 1127 daAuts
    D:13: 1096 daAuts
  Lair:4: 1087 daAuts
   Orc:2: 1036 daAuts
     D:7: 985 daAuts
     D:1: 930 daAuts
     D:3: 850 daAuts
